 Dungeon Crawl Stone Soup version 0.20-a0-4-gd166d5d (webtiles) character file.

119 dobroeutro the Covered (level 4, -6/41 HPs)
             Began as a Minotaur Fighter on Oct 31, 2016.
             Killed by nerve-wracking pain
             ... invoked by an orc priest
              (11 damage)
             ... on level 3 of the Dungeon.
             The game lasted 00:02:09 (1270 turns).

dobroeutro the Covered (Minotaur Fighter)           Turns: 1270, Time: 00:02:10

Health: -6/41      AC:  7    Str: 21    XL:     4   Next: 73%
Magic:  0/3        EV:  8    Int:  5    God:
Gold:   42         SH:  9    Dex: 10    Spells: 0 memorised, 3 levels left

rFire  . . .     SeeInvis .     a - +0 long sword
rCold  . . .     Gourm    .     b - +0 scale mail
rNeg   . . .     Faith    .     c - +0 shield
rPois  .         Spirit   +     (helmet restricted)
rElec  .         Reflect  .     (no cloak)
rCorr  .         Harm     .     (no gloves)
MR     .....                    (no boots)
Stlth  ..........               i - amulet of guardian spirit
                                (no ring)
                                (no ring)

@: no status effects
A: retaliatory headbutt, horns 2
a: no special abilities


You were on level 3 of the Dungeon.
You were hungry.

You visited 1 branch of the dungeon, and saw 3 of its levels.

You collected 42 gold pieces.

Inventory:

Hand Weapons
 a - a +0 long sword (weapon)
Armour
 b - a +0 scale mail (worn)
 c - a +0 shield (worn)
Jewellery
 i - an amulet of guardian spirit (around neck)
Scrolls
 e - a scroll of amnesia {unknown}
 j - 3 scrolls of random uselessness {unknown}
 l - 3 scrolls of identify {unknown}
 n - a scroll of immolation {unknown}
 q - 3 scrolls of remove curse {unknown}
Potions
 d - a potion of might
 h - a potion of degeneration {unknown}
 k - a potion of curing {unknown}
 m - a potion of agility {unknown}
 r - 2 potions of berserk rage {unknown}
 s - a potion of brilliance {unknown}
 t - a potion of lignification {unknown}
Comestibles
 f - a bread ration
 g - a meat ration
 o - a slice of pizza


   Skills:
 + Level 4.6 Fighting
 + Level 3.5 Long Blades
 + Level 4.8 Armour
 + Level 1.5 Dodging
 - Level 3.6 Shields


You had 3 spell levels left.
You didn't know any spells.

Dungeon Overview and Level Annotations

Branches:
Dungeon (3/15)

Altars:
Kikubaaqudgha


Innate Abilities, Weirdness & Mutations

You reflexively headbutt those who attack you in melee.
You have a pair of horns on your head.


Message History

* * * LOW HITPOINT WARNING * * *
The orc priest hits you but does no damage.
The orc shouts!
You hit the orc priest.
The orc priest is moderately wounded.
The orc priest hits you but does no damage.
You hit the orc priest.
The orc priest is heavily wounded.
The orc priest hits you.
* * * LOW HITPOINT WARNING * * *
You hit the orc priest but do no damage.
The orc priest is heavily wounded.
The orc priest hits you but does no damage.
You barely miss the orc priest. Your headbutt misses the orc priest.
The orc priest is heavily wounded.
The orc priest hits you but does no damage.
The orc hits you but does no damage.
The orc priest calls down the wrath of Beogh upon you.
Pain shoots through your body!
You die...

##.#.# #..# .....#.#
#..# ##.....# #..#
##l#########..#
.............†######
.#.##########......#
.#.#.......o..†.##.#
.#.........####o##
.####......# #o@# .
######## #### . #


You could see an orc priest and an orc.

Vanquished Creatures
  3 adders
  2 oozes (D:1)
  A worm (D:2)
  2 dart slugs (D:1)
  2 leopard geckos
  2 orcs (D:3)
  10 bats
  5 giant cockroaches
  8 goblins
  4 hobgoblins (D:2)
  7 jackals
  8 kobolds
  A quokka (D:2)
  3 frilled lizards (D:2)
  9 rats
67 creatures vanquished.

Notes
Turn   | Place    | Note
-------+----------+-------------------------------------------
     0 | D:1      | dobroeutro the Minotaur Fighter began the quest for the Orb.
     0 | D:1      | Reached XP level 1. HP: 19/19 MP: 0/0
    69 | D:1      | Reached XP level 2. HP: 25/27 MP: 1/1
   175 | D:1      | Reached skill level 1 in Dodging
   281 | D:1      | Reached XP level 3. HP: 33/33 MP: 2/2
   730 | D:2      | Reached XP level 4. HP: 40/40 MP: 3/3
   834 | D:2      | Found a faded altar of an unknown god.
  1097 | D:2      | Found an ancient bone altar of Kikubaaqudgha.
  1270 | D:3      | Killed from afar by an orc priest

Vault maps used:
D:1:      onia_arrival_pyramid, minivault_26, kennysheep_crisscross
D:2:      lemuel_crystal_altar, ecumenical_altar_1, serial_bayou_pond_c,
          st_stairs_9
D:3:      elyvilon_altar_1

Skill      XL: |  1  2  3 |
---------------+----------+-----
Armour         | 4 |  4.8
Dodging        | 1 |  1.5
Fighting       | 4 |  4.6
Long Blades    | 3 |  3.5
Shields        | |  3.6

Action                   |  1- 3 |  4- 6 || total
-------------------------+-------+-------++-------
Melee: Long sword        |    90 |    74 ||   164
       Headbutt          |    11 |    11 ||    22
  Eat: Chunk             |       |     1 ||     1
Armor: Scale mail        |    51 |    26 ||    77
Dodge: Dodged            |    30 |    18 ||    48
Block: Shield            |    58 |    35 ||    93
       Rpst.: Long sword |    10 |     5 ||    15
